 Dungeon Crawl Stone Soup version 0.28-a0-239-g68911e0c57 (webtiles) character file.

Game seed: 11652497977602122322

89 Colgate the Cudgeller (level 4, 0/28 HPs)
             Began as a Kobold Berserker on Aug 23, 2021.
             Was a Believer of Trog.
             Slain by Ijyb (1 damage)
             ... on level 3 of the Dungeon.
             The game lasted 00:01:51 (3195 turns).

Colgate the Cudgeller (Kobold Berserker)            Turns: 3195, Time: 00:01:51

Health: 0/28       AC:  5    Str: 14    XL:     4   Next: 84%
Magic:  4/4        EV: 13    Int:  8    God:    Trog [**....]
Gold:   38         SH:  0    Dex: 15    Spells: 3/3 levels left

rFire   . . .      SeeInvis .   Y - +0 mace
rCold   . . .      Faith    .   (shield restricted)
rNeg    . . .      Spirit   .   d - +0 ring mail
rPois   .          Reflect  .   (no helmet)
rElec   .          Harm     .   (no cloak)
rCorr   .          Rampage  .   (no gloves)
Will    .....                   (no boots)
Stlth   ++........              (no amulet)
HPRegen 0.09/turn               (no ring)
MPRegen 0.09/turn               (no ring)

@: lethally poisoned (0 -> -7), on berserk cooldown, slowed, very slow
A: small, no large weapons, nightstalker 3
a: Renounce Religion, Berserk, Trog's Hand


You were on level 3 of the Dungeon.
You worshipped Trog.
Trog was pleased with you.
You visited 1 branch of the dungeon, and saw 3 of its levels.

You collected 38 gold pieces.


Innate Abilities, Weirdness & Mutations

You are small and have problems with some larger weapons.
You are completely attuned to the shadows.


   Skills:
 - Level 3.2 Fighting
 + Level 4.7 Maces & Flails
 - Level 1.5 Armour
 - Level 2.4 Dodging


You had 3 spell levels left.
You didn't know any spells.
Your spell library was empty.

Inventory:

Hand Weapons
 Y - a +0 mace (weapon)
Armour
 d - a +0 ring mail (worn)
Wands
 a - a wand of digging (7)
Potions
 e - a potion of heal wounds {unknown}

Dungeon Overview and Level Annotations

Branches:
Dungeon (3/15)

Altars:
Cheibriados

Annotations:
D:3 Ijyb


Message History

Trog says: Kill them all!
Press ? for a list of commands and other information.
Existing waypoints: (1) D:2 (2) D:3 Assign waypoint to what number? (0-9, D - delete waypoint) Waypoint 2 re-assigned to D:3.
Enter note:
Enter note: The adder barely misses you.
You feel a strong urge to attack something.
Ijyb hits you but does no damage.
You closely miss the adder. The adder barely misses you.
The adder closely misses you.
You closely miss the adder. The adder closely misses you.
Ijyb closely misses you. The adder bites you but does no damage.
The adder bites you.
You miss the adder.
You are no longer berserk.
You are exhausted.
You feel yourself slow down. Ijyb closely misses you.
The adder closely misses you.
You closely miss the adder. The adder misses you. The adder bites you.
Ijyb hits you with a +0 club. The adder closely misses you.
The adder barely misses you. Ijyb hits you with a +0 club.
The adder bites you but does no damage.
You miss the adder. The adder completely misses you. The adder bites you.
You are poisoned.
The adder poisons you! Ijyb hits you but does no damage.
The adder closely misses you. x2
You feel sick. The adder bites you. The adder bites you but does no damage.
Ijyb completely misses you. The adder barely misses you.
You feel sick. The adder closely misses you.
The adder bites you but does no damage. The adder bites you.
The adder bites you but does no damage.
You closely miss the adder.
You feel sick. The adder bites you but does no damage.
Ijyb hits you with a +0 club. The adder bites you. x2
You are more poisoned.
The adder poisons you! Ijyb hits you with a +0 club.
You die...

....!..#
##..?....#
.........#
#.......#
#.....[.#
#...SS..#
#...g@..#
#......(#
...##.####
....#.#
.....#
.....#
.....#
....<.#
......#


You could see Ijyb and 2 adders.

Vanquished Creatures
  Jessica (D:3)
  2 adders (D:2)
  4 bats (D:1)
  6 endoplasms
  3 giant cockroaches
  2 goblins (D:2)
  6 hobgoblins (D:1)
  4 kobolds (D:1)
  A quokka (D:1)
  5 ball pythons (D:1)
  3 frilled lizards (D:1)
  3 rats (D:1)
40 creatures vanquished.

Notes
Turn   | Place    | Note
-------+----------+-------------------------------------------
     0 | D:1      | Colgate the Kobold Berserker began the quest for the Orb.
     0 | D:1      | Reached XP level 1. HP: 14/14 MP: 1/1
     0 | D:1      | 0 ||| counter = 17
    41 | D:1      | 41 ||| INVOKING Berserk.
    41 | D:1      | HP: 5/21 [frozen (5)]
   486 | D:1      | Reached skill level 3 in Maces & Flails
   607 | D:1      | Reached XP level 2. HP: 19/19 MP: 2/2
  1096 | D:1      | Reached XP level 3. HP: 23/23 MP: 3/3
  1663 | D:1      | Found a faded altar of an unknown god.
  1867 | D:1      | Reached ** piety under Trog
  1995 | D:1      | Reached skill level 4 in Maces & Flails
  2175 | D:1      | 2175 ||| UPGRADING to +0 ring mail.
  2185 | D:1      | 2185 ||| DROPPING +0 animal skin.
  2186 | D:1      | 2186 ||| READING scroll labelled IMAGAO VURGHAAL.
  2331 | D:2      | 2331 ||| INVOKING Berserk.
  2340 | D:2      | HP: 5/23 [giant cockroach (1)]
  2342 | D:2      | Reached XP level 4. HP: 7/28 MP: 4/4
  2736 | D:2      | Found a snail-covered altar of Cheibriados.
  3130 | D:2      | 3130 ||| READING scroll labelled CIBLUI QEFA.
  3170 | D:3      | Noticed Jessica
  3174 | D:3      | Killed Jessica
  3177 | D:3      | Noticed Ijyb
  3179 | D:3      | 3179 ||| INVOKING Berserk.
  3195 | D:3      | HP: 7/28 [Ijyb (1)]
  3195 | D:3      | HP: 1/28 [adder (4)]
  3195 | D:3      | Slain by Ijyb

Levels and vault maps discovered:
D:1:      minmay_arrival_nine_rooms, layout_basic, shapermc_ecumenical_altar_gd,
          bh_walls_and_bars
D:2:      layout_rooms, basic_altar
D:3:      layout_rooms, overflow_temple_1_default, mainiacjoe_overflow_paths,
          uniq_ijyb, uniq_terence, uniq_jessica

Skill      XL: |  1  2  3 |
---------------+----------+-----
Maces & Flails | 3 4 |  4.7
Fighting       | |  3.2
Armour         | |  1.5
Dodging        | |  2.4

Action                   |  1- 3 |  4- 6 || total
-------------------------+-------+-------++-------
Melee: Mace              |   107 |    26 ||   133
Invok: Berserk           |     2 |     1 ||     3
  Use: Scroll            |     1 |     1 ||     2
 Stab: Sleeping          |     7 |     1 ||     8
Armor: Animal skin       |    15 |       ||    15
       Ring mail         |     6 |    15 ||    21
Dodge: Dodged            |    72 |    28 ||   100

Table legend:
 A = Non-vault XP
 B = Vault XP
 C = Vault XP percentage of total XP
 D = Non-vault monster count
 E = Vault monster count
 F = Vault count percentage of total count
                 A         B        C        D         E       F
            +---------+---------+-------+---------+---------+-------
      Total |      91 |      37 |  28.9 |      39 |       1 |   2.5
            +---------+---------+-------+---------+---------+-------
        D:1 |      52 |       0 |   0.0 |      31 |       0 |   0.0
        D:2 |      39 |       0 |   0.0 |       8 |       0 |   0.0
        D:3 |       0 |      37 | 100.0 |       0 |       1 | 100.0
            +---------+---------+-------+---------+---------+-------
